 Dungeon Crawl Stone Soup version 0.29-a0-266-gf56f883ddd (webtiles) character file.

Game seed: 17089870100540704087

11 Inarius the Skirmisher (level 2, 0/24 HPs)
             Began as a Demonspawn Fighter on Mar 6, 2022.
             Succumbed to a kobold's poison
             ... on level 1 of the Dungeon.
             The game lasted 00:00:31 (464 turns).

Inarius the Skirmisher (Demonspawn Fighter)          Turns: 464, Time: 00:00:32

Health: 0/24       AC:  6    Str: 16    XL:     2   Next: 13%
Magic:  2/2        EV:  8    Int:  9    God:
Gold:   26         SH:  4    Dex: 12    Spells: 1/1 levels left

rFire   . . .      SeeInvis .   a - +0 war axe
rCold   . . .      Faith    .   c - +0 buckler
rNeg    . . .      Spirit   .   b - +0 scale mail
rPois   .          Reflect  .   (helmet restricted)
rElec   .          Harm     .   (no cloak)
rCorr   .          Rampage  .   (no gloves)
Will    .....                   (no boots)
Stlth   ..........              (no amulet)
HPRegen 0.08/turn               (no ring)
MPRegen 0.08/turn               (no ring)

@: lethally poisoned (0 -> -24)
A: antennae 1
a: no special abilities


You were on level 1 of the Dungeon.
You visited 1 branch of the dungeon, and saw 1 of its levels.

You collected 26 gold pieces.

Inventory:

Hand Weapons
 a - a +0 war axe (weapon)
Armour
 b - a +0 scale mail (worn)
 c - a +0 buckler (worn)
Potions
 d - a potion of might


   Skills:
 + Level 3.2 Fighting
 * Level 2.0 Axes
 + Level 2.8 Armour
 + Level 2.8 Shields


You had one spell level left.
You didn't know any spells.
Your spell library was empty.

Dungeon Overview and Level Annotations

Branches:
Dungeon (1/15)

Altars:


Innate Abilities, Weirdness & Mutations

You have a pair of small antennae on your head.


Message History

No target in view!
No target in view!
You drop a +0 helmet.
You see here a +0 club.
You see here a +0 club.
You see here a +0 helmet.
You open the door.
A kobold comes into view. It is wielding a +0 dagger of venom.
Found 2 bubbling grey potions.
A kobold is nearby!
A kobold is nearby!
A kobold is nearby!
A giant cockroach comes into view.
There is an open door here.
Found 8 gold pieces.
The kobold hits you with a +0 dagger of venom.
You closely miss the kobold. The kobold hits you but does no damage.
You are poisoned.
You completely miss the kobold.
You feel very sick. The kobold hits you but does no damage.
You are more poisoned.
The giant cockroach bites you but does no damage.
You closely miss the giant cockroach. You hit the kobold.
You feel very sick. You block the kobold's attack.
The giant cockroach bites you. The kobold hits you but does no damage.
You are lethally poisoned!
The giant cockroach bites you but does no damage.
You closely miss the kobold.
The kobold is heavily wounded.
You hit the giant cockroach.
You kill the giant cockroach!
You feel very sick.
The kobold hits you with a +0 dagger of venom.
* * * LOW HITPOINT WARNING * * *
You are more poisoned.
You hit the kobold.
You kill the kobold!
You die...

+....## 8..... .....#
.... .. #!.. ....##..#
...$...)# .$. #@# ....
##'## .... ##...##
...... ##.....##
♣♣♣♣♣.....#
##.......##♣P..P♣ ..#
#.........♣♣...P♣♣.###
+........♣♣♣♣P.♣......
#.........[♣P..PP♣♣###
##.......♣♣)...PP♣♣ #


There were no monsters in sight!

Vanquished Creatures
  2 giant cockroaches (D:1)
  2 goblins (D:1)
  A quokka (D:1)
  A frilled lizard (D:1)
  4 kobolds (D:1)
  A rat (D:1)
11 creatures vanquished.

Vanquished Creatures (others)
  A plant (D:1)
1 creature vanquished.

Grand Total: 12 creatures vanquished

Notes
Turn   | Place    | Note
-------+----------+-------------------------------------------
     0 | D:1      | Inarius the Demonspawn Fighter began the quest for the Orb.
     0 | D:1      | Reached XP level 1. HP: 18/18 MP: 1/1
   400 | D:1      | Gained mutation: You have a pair of small antennae on your
                  | head. [demonic ancestry]
   400 | D:1      | Reached XP level 2. HP: 23/24 MP: 2/2
   464 | D:1      | Succumbed to a kobold's poison

Illustrated notes

Levels and vault maps discovered:
D:1:      saegor_arrival_simple_a, layout_loops_corners,
          dreamdust_ecumenical_altar_angels_and_demons, serial_forest,
          infiniplex_forest_3_way, infiniplex_forest_lined_room_,
          infiniplex_forest_clump_tiny, infiniplex_forest_lined_ring,
          infiniplex_forest_clump_double, infiniplex_forest_clump_double,
          infiniplex_forest_clump_long, infiniplex_forest_diagonal,
          dreamdust_princess_corridor, minivault_4

Skill      XL: |  1 |
---------------+----+-----
Axes           | 2 |  2.0
Fighting       | |  3.2
Armour         | |  2.8
Shields        | |  2.8

Action                   || total
-------------------------++-------
Melee: War axe           ||    30
Armor: Scale mail        ||    20
Dodge: Dodged            ||     9
Block: Buckler           ||     6

Table legend: (Time is in decaauts)
 A = Elapsed time spent in this place.
 B = Non-inter-level travel time spent in this place.
 C = Inter-level travel time spent in this place.
 D = Time resting spent in this place.
 E = Time spent auto-exploring this place.
 F = Levels seen in this place.
 G = Mean time per level.
                   A        B        C        D        E       F      G
               +--------+--------+--------+--------+--------+-----+--------+
         Total |    476 |    476 |      0 |    142 |    242 |   1 |  476.0 |
       Dungeon |    476 |    476 |      0 |    142 |    242 |   1 |  476.0 |
               +--------+--------+--------+--------+--------+-----+--------+

Top non-repeatable levels by time:
     D:1: 476 daAuts
